 Dungeon Crawl Stone Soup version 0.21.0-25-ge575cb9 (webtiles) character file.

51 lydgate the Grave Robber (level 3, -3/24 HPs)
             Began as a Demonspawn Necromancer on Jan 24, 2018.
             Slain by Crazy Yiuf
             ... wielding a +3 quarterstaff of chaos
              (10 damage)
             ... on level 2 of the Dungeon.
             The game lasted 00:15:28 (2416 turns).

lydgate the Grave Robber (Demonspawn Necromancer)   Turns: 2416, Time: 00:15:29

Health: -3/24      AC:  7    Str:  8    XL:     3   Next: 58%
Magic:  4/7        EV: 12    Int: 17    God:
Gold:   56         SH:  0    Dex: 13    Spells: 2/7 levels left

rFire    . . .     SeeInvis .   d - +0 spear
rCold    . . .     Gourm    .   (no shield)
rNeg     . . .     Faith    .   a - +0 robe
rPois    .         Spirit   .   (helmet restricted)
rElec    .         Reflect  .   (no cloak)
rCorr    .         Harm     .   (no gloves)
MR       .....                  i - +2 pair of boots
Stlth    +.........             (no amulet)
HPRegen  0.08/turn              (no ring)
MPRegen  0.10/turn              (no ring)

@: confused
A: antennae 1, thin metallic scales 1
a: no special abilities


You were on level 2 of the Dungeon.
You were not hungry.

You visited 1 branch of the dungeon, and saw 3 of its levels.

You collected 56 gold pieces.

Inventory:

Hand Weapons
 d - a +0 spear (weapon)
Armour
 a - a +0 robe (worn)
 f - a +1 shield of poison resistance
 i - a +2 pair of boots (worn)
Scrolls
 e - a scroll of identify
 g - a scroll of fog
 h - a scroll of magic mapping {unknown}
 j - a scroll of fear {unknown}
 l - a scroll of remove curse {unknown}
Potions
 k - a potion of curing {unknown}
Books
 b - a book of Necromancy

   Spells                             Type                      Level
   a - Pain                           Necromancy                   1
   b - Animate Skeleton               Necromancy                   1
   c - Vampiric Draining              Necromancy                   3
   d - Regeneration                   Charms/Necromancy            3
   e - Animate Dead                   Necromancy                   4
   f - Borgnjor's Vile Clutch         Necromancy/Earth             5
Comestibles
 c - 2 rations


   Skills:
 + Level 1.9 Dodging
 + Level 2.0 Stealth
 + Level 0.3 Unarmed Combat
 + Level 2.7 Spellcasting
 + Level 5.0 Necromancy


You had 2 spell levels left.
You knew the following spells:

 Your Spells              Type           Power        Failure   Level  Hunger
a - Pain                  Necr           ###.         2%          1    #......
b - Animate Skeleton      Necr           N/A          2%          1    #......
c - Vampiric Draining     Necr           ###.......   7%          3    ###....


Dungeon Overview and Level Annotations

Branches:
Dungeon (3/15)

Altars:
Okawaru
Xom

Annotations:
D:2 Crazy Yiuf
D:3 Robin


Innate Abilities, Weirdness & Mutations

You have a pair of small antennae on your head.
You are partially covered in thin metallic scales. (AC +2)


Message History

Evoke which item? (* to show all) (? for menu, Esc to quit)
Attack whom?
Press: ? - help, Dir - move target cursor, f/p - Crazy Yiuf
Aim: Crazy Yiuf, wielding a quarterstaff of chaos and wearing a cloak (moderately wounded)
You reach to attack!
You hit Crazy Yiuf.
Crazy Yiuf is moderately wounded.
Crazy Yiuf screams, "Prologue!
Papa chair rumpyflump."
Casting: Pain
Confirm with . or Enter, or press ? or * to list all spells.
Aiming: Pain
Press: ? - help, Shift-Dir - straight line, f/p - Crazy Yiuf
Aim: Crazy Yiuf, wielding a quarterstaff of chaos and wearing a cloak (moderately wounded, chance to defeat MR: 84%) Crazy Yiuf writhes in agony!
Crazy Yiuf hits you with a quarterstaff of chaos!
Ouch! That really hurt!
* * * LOW HITPOINT WARNING * * *
You are confused.
You bump into the stone wall.
Crazy Yiuf hits you with a quarterstaff of chaos!
You die...

###♣♣♣♣♣
##....♣.♣♣♣ ###
##...PP.♣..♣#...#
#....PP♣♣♣♣@g...#
#.....♣♣ ♣♣#..)#
#.###♣♣ ### #.#
#.# #.# ####
#.####..## ##
#........# .#
#####.##.#


You could see Crazy Yiuf.

Vanquished Creatures
  An adder (D:2)
  An adder skeleton (D:2)
  2 worms (D:2)
  3 bats (D:1)
  4 goblins
  5 hobgoblins
  4 kobolds
  A quokka (D:2)
  5 frilled lizards
  7 rats
33 creatures vanquished.

Vanquished Creatures (collateral kills)
  A rat (D:2)
1 creature vanquished.

Grand Total: 34 creatures vanquished

Notes
Turn   | Place    | Note
-------+----------+-------------------------------------------
     0 | D:1      | lydgate the Demonspawn Necromancer began the quest for the Orb.
     0 | D:1      | Reached XP level 1. HP: 13/13 MP: 3/3
   243 | D:1      | Gained mutation: You are partially covered in thin metallic scales. (AC +2) [demonic ancestry]
   243 | D:1      | Reached XP level 2. HP: 18/19 MP: 3/5
   465 | D:1      | Learned a level 1 spell: Animate Skeleton
   782 | D:2      | Reached skill level 5 in Necromancy
   816 | D:2      | Found a shimmering altar of Xom.
   898 | D:2      | Gained mutation: You have a pair of small antennae on your head. [demonic ancestry]
   898 | D:2      | Reached XP level 3. HP: 21/24 MP: 0/6
  1251 | D:2      | Found an iron altar of Okawaru.
  1428 | D:3      | Noticed Robin
  1790 | D:1      | Learned a level 3 spell: Vampiric Draining
  2215 | D:2      | Found a runed door.
  2407 | D:2      | Noticed Crazy Yiuf
  2416 | D:2      | Slain by Crazy Yiuf

Skill      XL: |  1  2 |
---------------+-------+-----
Stealth        | 2 |  2.0
Necromancy     | 5 |  5.0
Dodging        | |  1.9
Unarmed Combat | |  0.3
Spellcasting   | |  2.7

Action                   || total
-------------------------++-------
Melee: Unarmed           ||    44
       Spear             ||     1
 Cast: Pain              ||    86
       Animate Skeleton  ||    11
  Use: Scroll            ||     2
       Potion            ||     1
 Stab: Distracted        ||     1
  Eat: Chunk             ||     3
       Ration            ||     1
Armor: Robe              ||    31
Dodge: Dodged            ||    30
Block: Shield            ||    23
